 Dungeon Crawl Stone Soup version 0.31-a0-705-ga145531891 (webtiles) character file.

Game seed: 10734696703117208395

360 cforsyth the Trooper (level 6, -5/48 HPs)
             Began as a Djinni Chaos Knight on Sept 9, 2023.
             Was a Plaything of Xom.
             Slain by a water moccasin (10 damage)
             ... in a sewer.
             The game lasted 00:05:01 (3245 turns).

cforsyth the Trooper (Djinni Chaos Knight)          Turns: 3245, Time: 00:05:02

Health: -5/48      AC:  5    Str: 11    XL:     6   Next: 98%
Gold:   814        EV: 12    Int: 15    God:    Xom [..*...] SH:  0 Dex: 13

rFire   + + .        a - +0 falchion (chaos)
rCold   x . .        (no shield)
rNeg    . . .        b - +2 leather armour
rPois   ∞            (no helmet)
rElec   .            (no cloak)
rCorr   .            (no gloves)
SInv    .            (boots unavailable)
Will    .....        (no amulet)
Stlth   +            (no ring)
HPRegen 0.28/turn    (no ring)
MPRegen 0.00/turn

%: infuse magic (-6 HP)
@: flying
A: sickness immunity, fire resistance 2, cold vulnerability 1, float, innate
caster, HP casting, extra vitality 1
a: Renounce Religion


You were in a sewer.
You worshipped Xom.
You were a toy of Xom.
You visited 1 branch of the dungeon, and saw 3 of its levels.
You also visited: Sewer.

You collected 814 gold pieces.

Inventory:

Hand Weapons
 a - a +0 falchion of chaos (weapon)
Armour
 b - a +2 leather armour (worn)
Wands
 o - a wand of paralysis (4)
Scrolls
 d - a scroll of poison {unknown}
 e - 2 scrolls of identify {unknown}
 f - a scroll of enchant weapon {unknown}
 g - 2 scrolls of teleportation {unknown}
 h - a scroll of enchant armour {unknown}
 l - a scroll of vulnerability {unknown}
 n - a scroll of fog {unknown}
 r - a scroll of fear {unknown}
Potions
 i - 2 potions of enlightenment {unknown}
 j - a potion of lignification {unknown}
 k - a potion of brilliance {unknown}
 m - a potion of haste {unknown}
 p - a potion of curing {unknown}
 q - a potion of heal wounds {unknown}


   Skills:
 + Level 4.4 Fighting
 + Level 4.0 Long Blades
 + Level 3.2 Armour
 + Level 4.1 Dodging


You knew the following spells:

 Your Spells              Type           Power      Damage    Failure   Level
a - Sandblast             Erth           0%         2d4       34%         1
b - Jinxbite              Hex            0%         N/A       45%         2
Your spell library was empty.

Dungeon Overview and Level Annotations

Branches:
Dungeon (3/15)              Sewer (1/1)

Altars:
Okawaru

Annotations:
D:3 1 runed translucent door, Crazy Yiuf


Innate Abilities, Weirdness & Mutations

You are immune to sickness and miasma.
You are immune to poison.
Your flesh is very heat resistant. (rF++)
You are vulnerable to cold. (rC-)
You float through the air rather than walking.
You learn spells naturally, not from books.
Your magical power is your life essence.
You have superior vitality. (+4 MHP)


Message History

The water moccasin barely misses your butterfly.
The water moccasin bites your butterfly!
Your butterfly dies!
Your butterfly disappears in a burst of colours!
The water moccasin closely misses your butterfly.
The water moccasin bites your butterfly!
Your butterfly dies!
Your butterfly disappears in a burst of colours!
The water moccasin bites your butterfly!
Your butterfly dies!
Your butterfly disappears in a burst of colours!
Okay, then.
Unknown command.
Okay, then.
The water moccasin closely misses your butterfly.
The water moccasin looks more healthy.
The water moccasin bites your butterfly!
Your butterfly dies!
Your butterfly disappears in a burst of colours!
The water moccasin barely misses your butterfly.
Xom plays with reality for a moment.
You attempt to intoxicate your foes!
The water moccasin closely misses your butterfly.
The water moccasin closely misses your butterfly.
The water moccasin bites your butterfly.
Your butterfly dies!
Your butterfly disappears in a burst of colours!
The water moccasin rages.
The water moccasin closely misses your butterfly.
Aiming: Paralyse
Press: ? - help, Shift-Dir - straight line, f - water moccasin
Aim: a water moccasin (almost dead, berserk, ally target, chance to affect: 49%)
The water moccasin resists with some effort.
Aiming: Paralyse
Press: ? - help, Shift-Dir - straight line, f/p - water moccasin
Aim: a water moccasin (almost dead, berserk, ally target, chance to affect: 49%)
The water moccasin resists with some effort.
The water moccasin closely misses you. The water moccasin bites you!
You die...
Xom guffaws!

*####* #~###### ##
## ,....##
##~##...# #)=
###.b~~ ~.~..###
#.~.#.∩.# $.##b..~,
**#.~...###
#.~...∩.#
###.~..~**
#~.b..###.~.....#
#..~~~~##
##b~.~...~~######
#b.~b~###
###...~.###~~.....#
,
#.....####..b~.###
#.~.....#
###....bb.bS@###
#.~.....#
###.~bb~.###
##~#....# ########
#~##...# #~##...#
#~###.## ####..#
#..# #..# ####


You could see a water moccasin (berserk, ally target).

Vanquished Creatures
  Sigmund (D:2)
  Robin (D:2)
  5 gnolls
  5 adders
  3 dart slugs
  4 endoplasms
  6 giant cockroaches
  10 goblins
  9 hobgoblins
  3 jackals
  4 quokkas
  8 ball pythons
  5 bats
  3 frilled lizards
  7 kobolds
  6 rats
80 creatures vanquished.

Vanquished Creatures (collateral kills)
  A bat (D:1)
1 creature vanquished.

Grand Total: 81 creatures vanquished

Notes
Turn   | Place    | Note
-------+----------+-------------------------------------------
     0 | D:1      | cforsyth the Djinni Chaos Knight began the quest for the
                  | Orb.
     0 | D:1      | Reached XP level 1. HP: 20/20 MP: 0/0
    31 | D:1      | Found a faded altar of an unknown god.
   203 | D:1      | Reached XP level 2. HP: 25/25 MP: 0/0
   203 | D:1      | XOM: silly message
   464 | D:1      | Reached XP level 3. HP: 17/30 MP: 0/0
   464 | D:1      | Learned a level 1 spell: Sandblast
   524 | D:1      | XOM: 8-stop teleportation journey
   674 | D:1      | XOM: enchant monster (bad)
   803 | D:1      | XOM: cloud trail
   829 | D:2      | Found an iron altar of Okawaru.
   844 | D:2      | Reached XP level 4. HP: 28/35 MP: 0/0
   894 | D:2      | XOM: noise
   897 | D:2      | Noticed Sigmund
  1064 | D:1      | XOM: divination: detect items
  1267 | D:1      | XOM: scenery: 2 doors open
  1315 | D:1      | XOM: confusion (+ monsters)
  1463 | D:2      | Noticed Robin
  1812 | D:2      | XOM: noise
  1821 | D:2      | Killed Robin
  1822 | D:2      | Reached XP level 5. HP: 34/41 MP: 0/0
  1822 | D:2      | Learned a level 2 spell: Jinxbite
  2307 | D:2      | XOM: silly message
  2308 | D:2      | XOM: confuse monster(s)
  2315 | D:2      | XOM: enchant monster (bad)
  2316 | D:2      | Killed Sigmund
  2317 | D:2      | Reached XP level 6. HP: 46/47 MP: 0/0
  2706 | D:2      | XOM: god gift: scroll labelled VOSICK YCAAPP {god gift}
  2728 | D:2      | XOM: silly message
  2782 | D:2      | XOM: divination: detect items
  2831 | D:3      | Identified a scroll of acquirement
  2831 | D:3      | Acquired 728 gold pieces
  2924 | D:3      | Noticed Ijyb
  2933 | D:3      | XOM: divination: detect items
  2944 | D:3      | Ijyb changed into Ijyb the kobold
  2944 | D:3      | Noticed Ijyb
  2947 | D:3      | Paralysed by Ijyb for 4 turns
  2951 | D:3      | Killed Ijyb the kobold
  3062 | D:3      | Found a runed translucent door.
  3063 | D:3      | Noticed Crazy Yiuf
  3137 | D:3      | Found a glowing drain.
  3153 | Sewer    | Entered a sewer
  3214 | Sewer    | XOM: divination: magic mapping
  3220 | Sewer    | Noticed a water moccasin
  3230 | Sewer    | HP: 2/48 [water moccasin (1)]
  3240 | Sewer    | XOM: cast spell 'Alistair's Intoxication'
  3245 | Sewer    | Slain by a water moccasin

Illustrated notes

Levels and vault maps discovered:
D:1:      dpeg_arrival_refuge, layout_loops_ring, ebering_ecumenical_altar_mist
D:2:      layout_rooms, basic_altar, uniq_robin, uniq_sigmund
D:3:      layout_basic, lemuel_crystal_altar, cheibrodos_sewer_entry_drain,
          minmay_pentangle, uniq_crazy_yiuf_cottage, uniq_ijyb, uniq_terence
Sewer:    sewer_the_moccasin

Skill      XL: |  1  2  3  4  5  6 |
---------------+-------------------+-----
Long Blades    | 3 4 |  4.0
Armour         | 2 3 |  3.2
Dodging        | 3 4 |  4.1
Fighting       | 4 |  4.4

Action                     |  1- 3 |  4- 6 || total
---------------------------+-------+-------++-------
  Melee: Falchion          |   104 |   212 ||   316
         Punch             |       |     2 ||     2
   Cast: Sandblast         |     5 |       ||     5
         Jinxbite          |       |     3 ||     3
  Evoke: Wand              |       |     2 ||     2
    Use: Scroll            |       |     2 ||     2
 Armour: Leather armour    |    76 |   172 ||   248
  Dodge: Dodged            |    69 |   182 ||   251

Table legend: (Time is in decaauts)
 A = Elapsed time spent in this place.
 B = Non-inter-level travel time spent in this place.
 C = Inter-level travel time spent in this place.
 D = Time resting spent in this place.
 E = Time spent auto-exploring this place.
 F = Levels seen in this place.
 G = Mean time per level.
                   A        B        C        D        E       F      G
               +--------+--------+--------+--------+--------+-----+--------+
         Total |   3295 |   3238 |     57 |   1112 |   1389 |   4 |  823.8 |
       Dungeon |   3202 |   3145 |     57 |   1112 |   1334 |   3 | 1067.3 |
         Sewer |     92 |     92 |      0 |      0 |     55 |   1 |   92.0 |
               +--------+--------+--------+--------+--------+-----+--------+

Top non-repeatable levels by time:
     D:1: 2123 daAuts
     D:2: 752 daAuts
     D:3: 327 daAuts
   Sewer: 92 daAuts
